 Dungeon Crawl Stone Soup version 0.28.0-53-g5a82cb258f (webtiles) character file.

Game seed: 7624066480762884419

1574 MisterFreud the Covert (level 8, 0/100 HPs)
             Began as a Gnoll Delver on July 10, 2022.
             Was a Priest of Qazlal.
             Slain by Harold
             ... wielding a +0 battleaxe
              (12 damage)
             ... on level 7 of the Dungeon.
             The game lasted 00:07:56 (5767 turns).

MisterFreud the Covert (Gnoll Delver)               Turns: 5767, Time: 00:07:57

Health: 0/100      AC: 24    Str: 12    XL:     8   Next: 90%
Magic:  13/13      EV:  2    Int: 12    God:    Qazlal [***...]
Gold:   126        SH:  4    Dex: 13    Spells: 14/14 levels left

rFire   . . .      SeeInvis .   t - +2 falchion (vorpal)
rCold   . . .      Faith    .   (no shield)
rNeg    . . .      Spirit   .   (armour currently unavailable)
rPois   +          Reflect  .   (helmet currently unavailable)
rElec   .          Harm     .   (cloak currently unavailable)
rCorr   .          Rampage  .   (gloves currently unavailable)
Will    .....      NoTele   +   (boots currently unavailable)
Stlth   +++.......              (no amulet)
HPRegen 0.26/turn               v - +4 ring of evasion
MPRegen 0.13/turn               p - +4 ring of evasion

@: tree-form, marked
A: stationary, stasis, torment immunity, boosted hp, (fangs 1), strong nose,
distributed training
a: Renounce Religion, Upheaval, Elemental Force


You were on level 7 of the Dungeon.
You worshipped Qazlal.
Qazlal was most pleased with you.
You were a tree.
You visited 1 branch of the dungeon, and saw 7 of its levels.

You collected 336 gold pieces.
You spent 210 gold pieces at shops.

Inventory:

Hand Weapons
 a - a +0 short sword
 t - a +2 vorpal falchion (weapon)
 x - a +4 quarterstaff of chaos
 G - a +0 eveningstar
Missiles
 A - 6 boomerangs
 B - 3 poisoned darts (quivered)
 H - a throwing net
Armour
 b - a +0 leather armour
 h - a +0 pair of gloves (melded)
 o - a +0 pair of boots (melded)
 u - a +3 scale mail of poison resistance (melded)
 y - a +0 cloak (melded)
Jewellery
 k - a ring of poison resistance
 p - a +4 ring of evasion (right branch)
 v - a +4 ring of evasion (left branch)
 z - a +6 ring of dexterity
 D - a +6 ring of intelligence
Wands
 g - a wand of digging (3)
 n - a wand of iceblast (6)
Scrolls
 c - 2 scrolls of fog
 d - 2 scrolls of magic mapping
 e - a scroll of fear
 s - a scroll of blinking
 C - a scroll of amnesia
 F - a scroll of summoning {unknown}
Potions
 f - 2 potions of haste
 i - a potion of curing
 j - 3 potions of degeneration
 l - a potion of resistance
 q - 2 potions of flight
 r - 2 potions of brilliance
 w - 3 potions of cancellation
 E - a potion of heal wounds {unknown}


   Skills:
 + Level 7.6 Fighting
 + Level 5.9 Short Blades
 + Level 3.6 Long Blades
 + Level 3.6 Axes
 + Level 3.6 Maces & Flails
 + Level 3.6 Polearms
 + Level 3.6 Staves
 + Level 3.6 Slings
 + Level 3.6 Bows
 + Level 3.6 Crossbows
 + Level 3.6 Throwing
 + Level 3.6 Armour
 + Level 5.9 Dodging
 + Level 10.3 Stealth
 + Level 3.6 Shields
 + Level 3.6 Unarmed Combat
 + Level 3.6 Spellcasting
 + Level 3.0 Conjurations
 + Level 3.0 Hexes
 + Level 3.0 Summonings
 + Level 3.0 Necromancy
 + Level 3.0 Translocations
 + Level 3.0 Transmutations
 + Level 3.0 Fire Magic
 + Level 3.0 Ice Magic
 + Level 3.0 Air Magic
 + Level 3.0 Earth Magic
 + Level 3.0 Poison Magic
 + Level 4.0 Invocations
 + Level 3.6 Evocations


You had 14 spell levels left.
You didn't know any spells.
Your spell library contained the following spells:

 Spells                   Type           Power      Damage    Failure   Level
 Animate Skeleton         Necr           18%        N/A       7%          1
 Pain                     Necr           36%        1d5       7%          1
 Portal Projectile        Hex/Tloc       18%        N/A       21%         3
 Summon Guardian Golem    Hex/Summ       9%         N/A       21%         3
 Vampiric Draining        Necr           9%         2d6       21%         3
 Hailstorm                Conj/Ice       9%         3d4       54%         4
 Ice Form                 Ice/Tmut       9%         N/A       54%         4
 Blade Hands              Tmut           4%         N/A       88%         5
 Excruciating Wounds      Necr           4%         N/A       88%         5
 Simulacrum               Ice/Necr       4%         N/A       100%        6
 Orb of Destruction       Conj           4%         9d5       100%        7
 Spellforged Servitor     Conj/Summ      4%         N/A       100%        7


Dungeon Overview and Level Annotations

Branches:
Dungeon (7/15)
 Temple: D:4-7

Altars:
Dithmenos
Qazlal
Xom

Shops:
D:2 :   D:4 :   D:6 (

Annotations:
D:6 2 transporters
D:7 Harold


Innate Abilities, Weirdness & Mutations

You are a tree.
Your roots penetrate the ground, keeping you stationary.
You cannot be teleported.
You are immune to unholy pain and torment.
Your maximum health is greatly increased.
Your equipment is partially melded.
((You have very sharp teeth.))
Your uncanny sense of smell can sniff out nearby items.
Your experience applies equally to all skills.


Message History

* * * LOW HITPOINT WARNING * * *
You slash Harold!
Harold is heavily wounded.
Harold looks more healthy.
Harold is engulfed in freezing vapours.
Harold barely misses you.
It was a potion of lignification.
You turn into a tree.
Your +0 cloak melds into your body.
Your +0 pair of gloves melds into your body.
Your +0 pair of boots melds into your body.
Your +3 scale mail of poison resistance melds into your body.
You no longer feel resistant to poison.
Your roots penetrate the ground.
Harold is engulfed in freezing vapours.
Harold points at you and mumbles some strange words.
A sentinel's mark forms upon you.
Unknown command.
Unknown command.
You hit Harold but do no damage.
Harold is severely wounded.
Harold is engulfed in freezing vapours.
Harold hits you with a +0 battleaxe!
* * * LOW HITPOINT WARNING * * *
Harold is engulfed in freezing vapours.
Harold hits you with a +0 battleaxe.
* * * LOW HITPOINT WARNING * * *
Unknown command.
You feel better. Harold hits you with a +0 battleaxe!
* * * LOW HITPOINT WARNING * * *
You hit Harold but do no damage.
Harold is almost dead.
Harold gestures at you while chanting. The mark upon you grows brighter.
You hit Harold.
Harold is almost dead.
You block Harold's attack.
You hit Harold but do no damage.
Harold is almost dead.
Harold points at you and mumbles some strange words.
The mark upon you grows brighter.
You barely miss Harold.
Harold is almost dead.
Harold hits you with a +0 battleaxe!
You die...

#.# .(. .# #.# #.
#..##.# #.# ..
##...#.####.#
#.##..(.#....#.#
#..#..#.#.##.#.#
#.#....(....#.#
#......@..# #.# ∆
#..?..♣..# #.#
#....○.°.# #.# ∆ ∆
##.....>.# #.#
#.....((# #.#
#....####.#.#
#.........#.#
###########...#######.#
.................# #.#
.............###.# #.#


You could see Harold.

Vanquished Creatures
  Sigmund (D:4)
  Edmund (D:4)
  2 black bears
  2 centaurs
  A scorpion (D:4)
  2 jellies (D:4)
  3 hounds
  2 bullfrog skeletons
  Crazy Yiuf (D:2)
  A gnoll shaman (D:7)
  Terence (D:2)
  An iguana (D:4)
  Natasha (thrice) (D:3)
  8 orc wizards
  A hound skeleton (D:4)
  Robin (D:2)
  4 gnolls (D:7)
  11 adders
  A shadow imp (D:5)
  2 ufetubi
  An adder skeleton (D:4)
  A worm (D:4)
  A dart slug (D:4)
  15 orcs
  7 endoplasms
  3 giant cockroaches
  12 goblins
  12 hobgoblins
  4 quokkas
  8 ball pythons
  6 bats
  2 frilled lizards
  11 kobolds
  6 rats
138 creatures vanquished.

Notes
Turn   | Place    | Note
-------+----------+-------------------------------------------
     0 | D:5      | Reached skill level 9 in Stealth
     0 | D:5      | MisterFreud the Gnoll Delver began the quest for the Orb.
     0 | D:5      | Reached XP level 1. HP: 23/23 MP: 1/1
    35 | D:6      | Noticed a black bear
    50 | D:6      | Killed a black bear
    51 | D:6      | Reached skill level 1 in Long Blades
    51 | D:6      | Reached skill level 1 in Axes
    51 | D:6      | Reached skill level 1 in Maces & Flails
    51 | D:6      | Reached skill level 1 in Polearms
    51 | D:6      | Reached skill level 1 in Staves
    51 | D:6      | Reached skill level 1 in Slings
    51 | D:6      | Reached skill level 1 in Bows
    51 | D:6      | Reached skill level 1 in Crossbows
    51 | D:6      | Reached skill level 1 in Throwing
    51 | D:6      | Reached skill level 1 in Armour
    51 | D:6      | Reached skill level 1 in Shields
    51 | D:6      | Reached skill level 1 in Unarmed Combat
    51 | D:6      | Reached skill level 1 in Spellcasting
    51 | D:6      | Reached skill level 1 in Conjurations
    51 | D:6      | Reached skill level 1 in Hexes
    51 | D:6      | Reached skill level 1 in Summonings
    51 | D:6      | Reached skill level 1 in Necromancy
    51 | D:6      | Reached skill level 1 in Translocations
    51 | D:6      | Reached skill level 1 in Transmutations
    51 | D:6      | Reached skill level 1 in Fire Magic
    51 | D:6      | Reached skill level 1 in Ice Magic
    51 | D:6      | Reached skill level 1 in Air Magic
    51 | D:6      | Reached skill level 1 in Earth Magic
    51 | D:6      | Reached skill level 1 in Poison Magic
    51 | D:6      | Reached skill level 1 in Invocations
    51 | D:6      | Reached skill level 1 in Evocations
    51 | D:6      | Reached XP level 2. HP: 29/29 MP: 1/3
    51 | D:6      | Reached XP level 3. HP: 35/35 MP: 1/4
    51 | D:6      | Reached XP level 4. HP: 41/41 MP: 1/5
    76 | D:4      | Reached XP level 5. HP: 47/47 MP: 3/6
   506 | D:3      | Found a shimmering altar of Xom.
   508 | D:3      | Found a shimmering altar of Xom.
   547 | D:2      | Found a faded altar of an unknown god.
   695 | D:2      | Prayed at the altar of an unknown god.
   695 | D:2      | Became a worshipper of Qazlal Stormbringer
   695 | D:2      | Reached * piety under Qazlal
   751 | D:2      | Noticed Robin
   770 | D:2      | Reached XP level 6. HP: 31/53 MP: 8/8
   922 | D:2      | Killed Robin
  1027 | D:2      | Noticed Terence
  1222 | D:2      | Killed Terence
  1590 | D:1      | Reached skill level 5 in Short Blades
  1590 | D:1      | Reached skill level 5 in Dodging
  1591 | D:1      | Reached ** piety under Qazlal
  2536 | D:2      | Found a runed translucent door.
  2537 | D:2      | Noticed Crazy Yiuf
  2627 | D:2      | Found Tietynk's Book Boutique.
  2791 | D:2      | Killed Crazy Yiuf
  2959 | D:3      | Found a shimmering altar of Xom.
  2961 | D:3      | Found a shimmering altar of Xom.
  2964 | D:3      | Found a shimmering altar of Xom.
  3225 | D:3      | Noticed Natasha
  3232 | D:3      | Killed Natasha
  3307 | D:3      | Noticed Natasha
  3317 | D:3      | Killed Natasha
  3333 | D:3      | Noticed Natasha
  3346 | D:3      | Killed Natasha
  3361 | D:4      | Reached XP level 7. HP: 39/59 MP: 10/10
  3471 | D:4      | Noticed Sigmund
  3484 | D:4      | Killed Sigmund
  3659 | D:4      | Reached skill level 10 in Stealth
  3886 | D:4      | Found a shadowy altar of Dithmenos.
  4006 | D:4      | Reached *** piety under Qazlal
  4008 | D:4      | Found Tujogh's Book Emporium.
  4186 | D:4      | Noticed Edmund
  4197 | D:4      | Killed Edmund
  4198 | D:4      | Reached XP level 8. HP: 59/67 MP: 12/12
  5086 | D:6      | Found Xompoah's Weapon Boutique.
  5141 | D:6      | Found a transporter.
  5159 | D:6      | Found a transporter.
  5270 | D:6      | Bought a +0 eveningstar for 210 gold pieces
  5741 | D:7      | Noticed Harold
  5767 | D:7      | Slain by Harold

Illustrated notes

Levels and vault maps discovered:
D:1:      saegor_arrival_under_anarchy, layout_basic
D:2:      layout_rooms, serial_shops, nicolae_shop_statue_plus,
          nicolae_ecumenical_snake_handling, uniq_terence, uniq_robin,
          uniq_crazy_yiuf_cottage
D:3:      layout_loops_ring, xom_redecorated, uniq_natasha
D:4:      layout_gridville, mainiacjoe_overflow_cross_hatched, serial_shops,
          nicolae_square_shop, uniq_sigmund, uniq_edmund
D:5:      layout_cave_pools, serial_park_tiny_2
D:6:      gammafunk_steamed_eel, layout_cave_pools, serial_shops,
          nicolae_diamond_shop
D:7:      minmay_the_grid_triangle_9x9_rhombus_full
          [minmay_the_grid_triangle_9x9_wacky_v,
          minmay_the_grid_triangle_9x9_from_above,
          minmay_the_grid_triangle_9x9_pentomino_pain,
          minmay_the_grid_triangle_9x9_swiss_cheese,
          minmay_the_grid_triangle_9x9_corruption,
          minmay_the_grid_triangle_9x9_longest,
          minmay_the_grid_triangle_9x9_zippers_horizontal,
          minmay_the_grid_triangle_9x9_prize_top_heavy], layout_basic,
          minmay_temple_entry_statues_fountains, serial_shops,
          nicolae_shop_statue_plus, uniq_menkaure, uniq_harold

Skill      XL: |  1  2  3  4  5  6  7  8 |
---------------+-------------------------+-----
Stealth        | 10 | 10.3
Long Blades    | 1 2 3 |  3.6
Axes           | 1 2 3 |  3.6
Maces & Flails | 1 2 3 |  3.6
Polearms       | 1 2 3 |  3.6
Staves         | 1 2 3 |  3.6
Slings         | 1 2 3 |  3.6
Bows           | 1 2 3 |  3.6
Crossbows      | 1 2 3 |  3.6
Throwing       | 1 2 3 |  3.6
Armour         | 1 2 3 |  3.6
Shields        | 1 2 3 |  3.6
Unarmed Combat | 1 2 3 |  3.6
Spellcasting   | 1 2 3 |  3.6
Conjurations   | 1 2 3 |  3.0
Hexes          | 1 2 3 |  3.0
Summonings     | 1 2 3 |  3.0
Necromancy     | 1 2 3 |  3.0
Translocations | 1 2 3 |  3.0
Transmutations | 1 2 3 |  3.0
Fire Magic     | 1 2 3 |  3.0
Ice Magic      | 1 2 3 |  3.0
Air Magic      | 1 2 3 |  3.0
Earth Magic    | 1 2 3 |  3.0
Poison Magic   | 1 2 3 |  3.0
Invocations    | 1 2 3 4 |  4.0
Evocations     | 1 2 3 |  3.6
Short Blades   | 5 |  5.9
Dodging        | 5 |  5.9
Fighting       | 7 |  7.6

Action                   |  1- 3 |  4- 6 |  7- 9 || total
-------------------------+-------+-------+-------++-------
Melee: Short sword       |     1 |   222 |       ||   223
       Bite              |       |    27 |    18 ||    45
       Punch             |       |     7 |     4 ||    11
       Falchion          |       |    70 |   213 ||   283
Throw: Dart              |       |       |     3 ||     3
  Use: Scroll            |       |     7 |     6 ||    13
       Potion            |       |       |     2 ||     2
 Stab: Sleeping          |     1 |    10 |       ||    11
Armor: Leather armour    |       |    38 |       ||    38
       Scale mail        |       |    53 |    97 ||   150
Dodge: Dodged            |       |   237 |   207 ||   444
Block: Other             |       |    19 |    43 ||    62
